 Dungeon Crawl Stone Soup version 0.30.1-11-g7821555f0a (webtiles) character file.

Game seed: 5364132852185310272

316 VoiceoftheMysterons the Chopper (level 6, -1/53 HPs)
             Began as a Draconian Berserker on Nov 23, 2023.
             Was a Believer of Trog.
             Slain by an orc priest
             ... wielding a +0 hand axe
              (5 damage)
             ... on level 5 of the Dungeon.
             The game lasted 00:04:06 (1132 turns).

VoiceoftheMysterons the Chopper (DrBe)              Turns: 1132, Time: 00:04:07

Health: -1/53      AC:  6    Str: 18 (19) XL:     6   Next: 20%
Magic:  6/6        EV: 12    Int:  9 (10) God:    Trog [**....]
Gold:   107        SH:  0    Dex:  8 (10) Spells: 5/5 levels left

rFire   . . .        a - +0 hand axe
rCold   . . .        (no shield)
rNeg    . . .        (body armour unavailable)
rPois   .            (helmet restricted)
rElec   .            (no cloak)
rCorr   .            (no gloves)
SInv    .            (no boots)
Will    .....        (no amulet)
Stlth   +            (no ring)
HPRegen 0.28/turn    (no ring)
MPRegen 0.10/turn

%: no passive effects
@: mighty, on berserk cooldown, attractive, slowed, very slow
A: AC +6, unfitting armour, cold-blooded
a: Renounce Religion, Berserk, Trog's Hand


You were on level 5 of the Dungeon.
You worshipped Trog.
Trog was pleased with you.
You visited 1 branch of the dungeon, and saw 5 of its levels.

You collected 107 gold pieces.

Inventory:

Hand Weapons
 a - a +0 hand axe (weapon)
Missiles
 g - 2 silver boomerangs (quivered)
Scrolls
 j - a scroll of teleportation {unknown}
 k - a scroll of blinking {unknown}
Potions
 c - a potion of cancellation {unknown}
 e - a potion of magic {unknown}
 h - a potion of berserk rage {unknown}


   Skills:
 * Level 4.6 Fighting
 * Level 4.8 Axes
 * Level 1.2 Throwing
 * Level 3.9 Dodging
 * Level 1.5 Stealth


You had 5 spell levels left.
You didn't know any spells.
Your spell library was empty.

Dungeon Overview and Level Annotations

Branches:
Dungeon (5/15)
 Temple: D:4-7

Altars:


Innate Abilities, Weirdness & Mutations

Your plain brown scales are hard. (AC +6)
You cannot fit into any form of body armour.
You are cold-blooded and may be slowed by cold attacks.


Message History

The orc priest misses you.
You hit the orc priest but do no damage.
The orc priest is lightly wounded.
The orc priest barely misses you.
The orc priest hits you with a +0 hand axe.
* * * LOW HITPOINT WARNING * * *
You hit the orc priest.
The orc priest is lightly wounded.
The orc priest miscasts a cantrip.
The orc priest hits you with a +0 hand axe.
* * * LOW HITPOINT WARNING * * *
You hit the orc priest but do no damage.
The orc priest is lightly wounded.
The orc priest barely misses you.
It was a potion of degeneration.
There was something very wrong with that liquid.
You feel weakened.
You feel dopey.
You feel clumsy.
The orc priest hits you with a +0 hand axe!
* * * LOW HITPOINT WARNING * * *
The orc priest barely misses you.
It was a potion of attraction.
You feel attractive to monsters.
The orc priest hits you with a +0 hand axe.
* * * LOW HITPOINT WARNING * * *
It was a potion of might.
You feel very mighty all of a sudden.
The orc priest hits you with a +0 hand axe.
* * * LOW HITPOINT WARNING * * *
The orc priest closely misses you.
You barely miss the orc priest. You tail-slap the orc priest.
The orc priest is heavily wounded.
The orc priest hits you with a +0 hand axe.
* * * LOW HITPOINT WARNING * * *
You hit the orc priest.
The orc priest is severely wounded.
The orc priest barely misses you. The orc priest misses you.
You hit the orc priest but do no damage.
The orc priest is severely wounded.
The orc priest hits you with a +0 hand axe.
You die...

..........+ .#
..........#..
..<.......#. #
........... .#
..?.......##.#
............$
..........#
.......).o#
.......))@# ### ### ##
#######.).###.
.###...###. ##.###.#.
.#.###.#.. #...#...#
#...#...#.
#...#...#####...#...##
#...#...#...#...#(..#.
##.###.#.....#.###.#..
##...###...###...###.
#.....#.###.#.....#.#


You could see an orc priest.

Vanquished Creatures
  A black bear (D:3)
  An orc priest (D:5)
  An iguana (D:5)
  4 orc wizards
  2 adders
  A shadow imp (D:5)
  An ufetubus (D:5)
  A dart slug (D:2)
  6 orcs
  2 endoplasms
  4 goblins
  2 hobgoblins
  4 quokkas
  A ball python (D:2)
  4 bats
  4 frilled lizards
  4 kobolds
  A rat (D:2)
44 creatures vanquished.

Notes
Turn   | Place    | Note
-------+----------+-------------------------------------------
     0 | D:1      | VoiceoftheMysterons the Draconian Berserker began the quest
                  | for the Orb.
     0 | D:1      | Reached XP level 1. HP: 19/19 MP: 1/1
    95 | D:1      | Reached XP level 2. HP: 25/26 MP: 2/2
   319 | D:2      | Reached ** piety under Trog
   329 | D:2      | Reached XP level 3. HP: 32/33 MP: 3/3
   365 | D:2      | Identified the +5 ring mail of Gydeoxkuma {*Corrode +Blink
                  | rElec Dex+2}
   451 | D:3      | Found a faded altar of an unknown god.
   533 | D:3      | Noticed a black bear
   540 | D:3      | Killed a black bear
   541 | D:3      | Reached skill level 1 in Stealth
   541 | D:3      | Reached XP level 4. HP: 40/40 MP: 4/4
   645 | D:4      | Reached XP level 5. HP: 46/46 MP: 5/5
   689 | D:4      | Reached skill level 1 in Throwing
   833 | D:5      | Entered Level 5 of the Dungeon
  1108 | D:5      | Reached XP level 6. HP: 53/53 MP: 6/6
  1132 | D:5      | Slain by an orc priest

Illustrated notes

Levels and vault maps discovered:
D:1:      dpeg_arrival_round_c, layout_basic, serial_forest,
          infiniplex_forest_zigzag_1, infiniplex_forest_lined_3,
          infiniplex_forest_clump_large, infiniplex_forest_clump_small,
          infiniplex_forest_clump_small, infiniplex_forest_straight_5,
          infiniplex_forest_split, infiniplex_forest_clump_double,
          infiniplex_forest_zigzag_2, minmay_hexomino_r4
D:2:      layout_basic, serial_shops, nicolae_shop_gaudy_bauble,
          dilly_guarded_unrand_morg
D:3:      layout_basic, ebering_ecumenical_altar_hall
D:4:      layout_gridville, nemelex_dance_club_becter, serial_shops,
          nicolae_shop_tiny_waterfront, guppyfry_early_lair_pool
D:5:      nicolae_cairo_tiling, layout_basic, serial_shops, shop,
          gammafunk_ghost_grave

Skill      XL: |  1  2  3  4  5 |
---------------+----------------+-----
Dodging        | 3 |  3.9
Fighting       | 4 |  4.6
Axes           | 4 |  4.8
Stealth        | 1 |  1.5
Throwing       | 1 |  1.2

Action                     |  1- 3 |  4- 6 || total
---------------------------+-------+-------++-------
  Melee: Hand axe          |    66 |    71 ||   137
         Tailslap          |     6 |     8 ||    14
 Invoke: Berserk           |     1 |     3 ||     4
    Use: Scroll            |       |     1 ||     1
         Potion            |       |     6 ||     6
   Stab: Sleeping          |     1 |       ||     1
 Armour: Skin              |    26 |    36 ||    62
  Dodge: Dodged            |    53 |    45 ||    98
